 Dungeon Crawl Stone Soup version 0.26.0-10-g1f06aea511 (webtiles) character file.

Game seed: 17283210379010293921

211044 Borgoz the Bludgeoner (level 18, -4/120 HPs)
             Began as a Gargoyle Berserker on Jan 14, 2021.
             Was the Champion of Trog.
             Shot with an arrow by a naga sharpshooter (6 damage)
             ... on level 3 of the Snake Pit.
             The game lasted 01:12:20 (35313 turns).

Borgoz the Bludgeoner (Gargoyle Berserker)         Turns: 35313, Time: 01:12:20

Health: -4/120     AC: 39    Str: 31    XL:     18   Next: 87%
Magic:  9/18       EV: 20    Int:  7    God:    Trog [******]
Gold:   3303       SH:  5    Dex: 25    Spells: 17/17 levels left

rFire    + . .     SeeInvis .   a - +8 great mace "Rolixeu" {vorpal, rC- Str+7 Dex+2}
rCold    + . .     Faith    .   (shield currently unavailable)
rNeg     + . .     Spirit   .   H - +3 plate armour {rC+}
rPois    ∞         Reflect  +   N - +2 hat {Will+}
rElec    +         Harm     .   z - scarf {rC+ rF+}
rCorr    +         Rampage  .   w - +0 pair of fencer's gloves {Riposte Dex+3}
Will     ++++.                  E - +0 pair of boots
Stlth    ..........             h - amulet of reflection
HPRegen  1.30/turn              n - ring of resist corrosion
MPRegen  0.16/turn              I - ring "Awnyvium" {rElec Dex+5 Slay+4}

@: berserk cooldown, flying, regenerating, slowed, very slow
A: big wings, negative energy resistance 1, electricity resistance, unbreathing,
petrification resistance, miasma immunity, AC +13
}: 1/15 runes: decaying
a: Stop Flying, Renounce Religion, Berserk, Trog's Hand, Brothers in Arms


You were on level 3 of the Snake Pit.
You worshipped Trog.
Trog was exalted by your worship.
You visited 6 branches of the dungeon, and saw 31 of its levels.
You visited the Abyss 1 time.
You also visited: Bailey and Gauntlet.

You collected 6363 gold pieces.
You spent 3060 gold pieces at shops.

Inventory:

Hand Weapons
 a - the +8 great mace "Rolixeu" (weapon) {vorpal, rC- Str+7 Dex+2}
   (Trog gifted it to you on level 4 of the Lair of Beasts)

   It inflicts extra damage upon your enemies.
   It affects your strength (+7).
   It affects your dexterity (+2).
   It makes you vulnerable to cold.
 b - a +3 vampiric great mace
 P - a +3 triple sword of flaming
Missiles
 y - 6 throwing nets (quivered)
Armour
 t - the +3 ring mail of Freedom {Will+ Str+3 Int+4}
   (You bought it in a shop on level 2 of the Snake Pit)

   It affects your strength (+3).
   It affects your intelligence (+4).
   It affects your willpower, your defense against some magical effects.
 w - the +0 pair of fencer's gloves (worn) {Riposte Dex+3}
   (You bought it in a shop on level 9 of the Dungeon)

   It affects your dexterity (+3).
 z - a scarf of resistance (worn)
 E - a +0 pair of boots (worn)
 F - the +2 leather armour "Mous" {*Corrode rPois rF+ Str+6}
   (You bought it in a shop on level 2 of the Snake Pit)

   It affects your strength (+6).
   It protects you from fire.
   It protects you from poison.
   It may corrode you when you take damage.
 G - a scarf of repulsion
 H - a +3 plate armour of cold resistance (worn)
 M - a +3 plate armour of fire resistance
 N - a +2 hat of willpower (worn)
Jewellery
 h - an amulet of reflection (around neck)
 n - a ring of resist corrosion (left hand)
 u - an uncursed ring of see invisible
 B - the ring of Fuires {rF+ Int+4}
   (You acquired it on level 2 of the Lair of Beasts)

   [ring of protection from fire]

   It affects your intelligence (+4).
   It protects you from fire.
 I - the ring "Awnyvium" (right hand) {rElec Dex+5 Slay+4}
   (You found it on level 6 of the Lair of Beasts)

   [ring of slaying]

   It affects your dexterity (+5).
   It affects your accuracy and damage with ranged weapons and melee attacks
   (+4).
   It insulates you from electricity.
 R - an uncursed ring of protection from cold
Wands
 s - a wand of paralysis (25)
 v - a wand of disintegration (14)
 C - a wand of acid (24)
 D - a wand of flame (59)
 J - a wand of digging (10)
 K - a wand of iceblast (19)
Scrolls
 c - 18 scrolls of remove curse
 e - 6 scrolls of identify
 i - 2 scrolls of fog
 j - a scroll of magic mapping
 q - 21 scrolls of teleportation
 x - a scroll of silence
 A - a scroll of fear
 O - a scroll of blinking
 Q - a scroll of holy word
Potions
 d - 12 potions of curing
 f - 8 potions of might
 g - 9 potions of mutation
 k - 5 potions of resistance
 l - 10 potions of haste
 m - 2 potions of invisibility
 o - 6 potions of heal wounds
 p - 7 potions of magic
 r - 5 potions of cancellation
 L - 4 potions of berserk rage


   Skills:
 + Level 16.2 Fighting
 + Level 19.9 Maces & Flails
 + Level 16.1 Armour
 * Level 13.0 Dodging


You had 17 spell levels left.
You didn't know any spells.
Your spell library contained the following spells:

 Spells                   Type           Power        Failure   Level
 Corpse Rot               Necr/Air       N/A          98%         2
 Dispel Undead            Necr           0%           100%        4
 Agony                    Necr           0%           100%        5
 Excruciating Wounds      Necr           0%           100%        5
 Sublimation of Blood     Necr           Unusable     N/A         2

Dungeon Overview and Level Annotations

Branches:
Dungeon (15/15)            Temple (1/1) D:4            Lair (6/6) D:8
  Swamp (4/4) Lair:2        Snake (3/4) Lair:2        Slime (0/5) Lair:6
    Orc (2/2) D:11            Elf (0/3) Orc:2        Vaults (0/5) D:13
 Depths (0/5) D:15         Bailey (visited)         Gauntlet (visited)

Altars:
Ashenzari
Cheibriados
Dithmenos
Elyvilon
Fedhas
Gozag
Hepliaklqana
Kikubaaqudgha
Makhleb
Nemelex Xobeh
Okawaru
Qazlal
Ru
Sif Muna
Trog
Uskayaw
Vehumet
Wu Jian
Xom
Yredelemnul
Zin
The Shining One
Beogh
Jiyva

Shops:
D:5 ([   D:7 (   D:9 *[   D:10 }   D:11 *   Orc:2 }[:(   Snake:2 =:=[

Annotations:
Lair:6 1 runed translucent door


Innate Abilities, Weirdness & Mutations

You are resistant to torment.
Your stone body is resilient. (AC +13)
You are immune to poison.
Your large and strong wings let you fly indefinitely.
You resist negative energy. (rN+)
You are resistant to electric shocks. (rElec)
You can survive without breathing.
You are immune to petrification.
You are immune to miasma.


Message History

You flatten the salamander like a pancake!!!
You kill the salamander!
Trog accepts your kill.
Your skin crawls.
You feel strong-willed.
The naga sharpshooter mumbles some strange words.
The naga sharpshooter magically shoots an arrow.
You reflect the arrow off an invisible shield around you!
The naga sharpshooter casts a spell.
The naga sharpshooter magically shoots a bolt.
The bolt hits you!
* * * LOW HITPOINT WARNING * * *
The salamander hits you from afar with a +0 spear.
* * * LOW HITPOINT WARNING * * *
You are engulfed in flames!
You resist.
* * * LOW HITPOINT WARNING * * *
The naga sharpshooter casts a spell.
The naga sharpshooter magically shoots an arrow.
The arrow hits you.
You die...

.......# .......
#....# ..# ##...##
...#####.....#
.............#
.............#
.........((##
#...)@)### ##...[.##
### ##....NN)###.##
###
...........#...###(#
..........N.##..NN##
....###..NN.#...NN#
...# ##........(.##
...
##.......)(...### .
.........$)(!.N...#


You could see 2 naga sharpshooters, 2 salamanders and a naga ritualist.

Vanquished Creatures
  Nikola (Swamp:2)
  Rupert (Snake:1)
  5 thorn hunters
  Gastronok (Lair:2)
  Kirke (Snake:3)
  A nagaraja (Snake:2)
  Aizul (Snake:1)
  The ghost of theswoord the Brawler, a journeyman TrMo of Okawaru (Lair:6)
  An ironheart preserver (D:13)
  6 bunyips
  A minotaur (Gauntlet)
  A dire elephant (Lair:6)
  2 entropy weavers (Lair:4)
  The ghost of Fuxod the Fighter, a journeyman GnWn of Xom (Lair:3)
  A green death (Abyss:2)
  A death ooze (Gauntlet)
  7 eleionomae
  A shambling mangrove (Swamp:4)
  Fannar (D:10)
  24 hydras
  3 ghost crabs
  A boulder beetle (D:14)
  2 catoblepae
  8 naga warriors
  3 ogre magi
  7 anacondas
  2 centaur warriors
  A queen ant (Lair:4)
  15 two-headed ogres
  5 alligators
  10 death yaks
  A deep troll shaman (Lair:6)
  7 naga sharpshooters
  7 shock serpents
  Nergalle (Lair:2)
  2 salamander mystics
  A fire crab (Gauntlet)
  A wretched star (Abyss:2)
  3 goliath frogs
  3 spriggan druids
  2 deep trolls (Orc:2)
  3 skeletal warriors (D:10)
  2 spectral hydras (Lair:3)
  3 unseen horrors
  9 bog bodies
  2 glowing orange brains (Gauntlet)
  4 lindwurms (D:8)
  4 naga ritualists
  A necromancer (D:15)
  Pikel (D:6)
  A lindwurm (shapeshifter) (Gauntlet)
  8 swamp dragons
  4 orc knights
  A wizard (D:15)
  A wolf spider zombie (D:15)
  7 will-o-the-wisps
  6 mana vipers
  A wolf spider (D:15)
  3 orc sorcerers
  A manticore (D:13)
  9 salamanders
  6 ugly things
  4 cyclopes
  A moth of wrath (Gauntlet)
  3 guardian serpents
  21 elephants
  29 black mambas
  10 naga magi
  A gargoyle (D:15)
  A torpor snail (Lair:3)
  3 centaur zombies
  9 cane toads
  A kobold demonologist (D:11)
  11 komodo dragons
  2 rime drakes
  A red devil (Abyss:2)
  A harpy zombie (D:15)
  5 polar bears
  13 trolls
  11 tyrant leeches
  7 hornets
  13 blink frogs
  A raiju (shapeshifter) (D:13)
  3 slime creatures (Gauntlet)
  A shadow (D:13)
  6 spriggans
  A vampire (D:15)
  48 yaks
  3 wyverns
  2 fire bats (Gauntlet)
  A fire elemental (D:13)
  A wraith (D:11)
  2 hogs (Snake:3)
  10 vampire mosquitoes
  A steam dragon (D:14)
  2 wargs (Orc:1)
  Menkaure (D:4)
  A spectral cane toad (Lair:3)
  A death yak simulacrum (Lair:3)
  26 nagas
  8 swamp worms
  An acid dragon (D:15)
  12 soldier ants
  14 water moccasins
  7 swamp drakes
  26 orc warriors
  A sky beast (D:14)
  6 black bears
  2 black mamba simulacra (Lair:3)
  6 ice beasts
  25 wolves
  3 phantoms
  29 ogres
  7 centaurs
  A big kobold (D:12)
  21 bullfrogs
  8 gnoll sergeants (Bailey)
  A water moccasin zombie (D:9)
  3 scorpions
  A small abomination (Abyss:2)
  17 killer bees
  An electric eel (Lair:4)
  4 howler monkeys
  A bullfrog zombie (D:6)
  6 gnoll shamans (Bailey)
  7 hounds
  6 jellies
  9 centaur skeletons
  18 orc priests
  30 orc wizards
  4 bullfrog skeletons
  An iron imp (Abyss:2)
  5 iguanas
  29 worker ants
  A hound skeleton (D:5)
  A hound zombie (D:5)
  A howler monkey zombie (D:5)
  21 gnolls
  12 adders
  A shadow imp (D:5)
  5 white imps
  2 adder zombies (D:7)
  A worm (D:3)
  2 dart slugs
  A leopard gecko (D:5)
  100 orcs
  2 ball pythons
  11 bats
  2 giant cockroaches
  4 goblins
  5 hobgoblins
  12 jackals
  4 quokkas
  3 frilled lizards
  7 kobolds
  A quokka skeleton (D:5)
  A quokka zombie (D:8)
  7 rats
  2 briar patches
1008 creatures vanquished.

Vanquished Creatures (others)
  A fenstrider witch (Swamp:2)
  A spriggan druid (Swamp:4)
  A bloated husk (Swamp:4)
  A tyrant leech (Swamp:2)
  A hornet (Swamp:4)
  2 humans (Snake:3)
  A swamp worm (Swamp:2)
  A briar patch (Swamp:1)
  18 foxfires
  28 fungi
  20 plants
75 creatures vanquished.

Grand Total: 1083 creatures vanquished

Notes
Turn   | Place    | Note
-------+----------+-------------------------------------------
     0 | D:1      | Borgoz the Gargoyle Berserker began the quest for the Orb.
     0 | D:1      | Reached XP level 1. HP: 14/14 MP: 1/1
   192 | D:1      | Reached XP level 2. HP: 7/19 MP: 2/2
  1220 | D:1      | Reached XP level 3. HP: 23/23 MP: 3/3
  1263 | D:1      | Reached ** piety under Trog
  2213 | D:2      | Reached XP level 4. HP: 29/29 MP: 4/4
  2692 | D:3      | You fall into a shaft and drop 3 floors!
  2725 | D:6      | Noticed Pikel
  2725 | D:6      | Noticed a lemure
  2726 | D:6      | Noticed a lemure
  2727 | D:6      | Noticed a lemure
  2727 | D:6      | Noticed a lemure
  2735 | D:6      | Killed Pikel
  2736 | D:6      | Reached skill level 5 in Maces & Flails
  2736 | D:6      | Reached XP level 5. HP: 34/34 MP: 5/5
  2736 | D:6      | Reached XP level 6. HP: 40/40 MP: 6/6
  2736 | D:6      | Reached XP level 7. HP: 44/44 MP: 7/7
  2804 | D:5      | Entered Level 5 of the Dungeon
  2920 | D:5      | Reached skill level 5 in Fighting
  3288 | D:6      | Reached skill level 6 in Maces & Flails
  3326 | D:6      | Reached XP level 8. HP: 44/49 MP: 8/8
  3416 | D:6      | Reached skill level 5 in Armour
  3696 | D:5      | Found Fuphauf's Antique Weapon Shoppe.
  3777 | D:4      | Noticed Menkaure
  3780 | D:4      | Killed Menkaure
  3780 | D:4      | Reached *** piety under Trog
  3781 | D:4      | Reached skill level 7 in Maces & Flails
  4527 | D:4      | Found a staircase to the Ecumenical Temple.
  5109 | Temple   | Entered the Ecumenical Temple
  5591 | D:5      | Found a sparkling altar of Nemelex Xobeh.
  5622 | D:5      | Reached XP level 9. HP: 56/56 MP: 9/9
  5664 | D:5      | Found Gekia's Armour Shoppe.
  6093 | D:7      | Reached skill level 8 in Maces & Flails
  6161 | D:7      | Found a radiant altar of Vehumet.
  6391 | D:7      | Found Uliq Fekh's Weapon Shop.
  6550 | D:8      | Noticed a two-headed ogre
  6561 | D:8      | Killed a two-headed ogre
  6562 | D:8      | Reached skill level 9 in Maces & Flails
  6562 | D:8      | Reached skill level 5 in Dodging
  6580 | D:8      | Found a flagged portal.
  6736 | Bailey   | Entered a bailey
  6862 | Bailey   | Reached XP level 10. HP: 63/63 MP: 5/10
  6966 | Bailey   | Reached **** piety under Trog
  7557 | D:8      | Noticed a centaur warrior
  7561 | D:8      | Noticed a two-headed ogre
  7570 | D:8      | Killed a centaur warrior
  7571 | D:8      | Reached skill level 10 in Maces & Flails
  7586 | D:8      | Killed a two-headed ogre
  7647 | D:8      | Identified the +7 hand crossbow "Utut" {elec, Dex+5}
  7647 | D:8      | Identified the ring "Wucweyle" {rPois rN++ Str+4 Slay-3
                  | Stlth+}
  7890 | D:8      | Identified the Almanac of Glacial Moulding
  8052 | D:8      | Found a staircase to the Lair.
  8345 | D:8      | Noticed a lindwurm
  8345 | D:8      | Noticed a lindwurm
  8347 | D:8      | Noticed a lindwurm
  8782 | D:9      | Found Yntoa's Demolitions Depot.
  8942 | D:9      | Reached XP level 11. HP: 66/69 MP: 11/11
  9073 | D:9      | Reached skill level 11 in Maces & Flails
  9315 | D:9      | Found Pidonwo's Armour Emporium.
  9326 | D:9      | Bought the +0 pair of fencer's gloves {Riposte Dex+3} for
                  | 640 gold pieces
  9326 | D:9      | Found the +0 pair of fencer's gloves {Riposte Dex+3}
  9540 | D:10     | Entered Level 10 of the Dungeon
  9782 | D:10     | Noticed a skeletal warrior
  9784 | D:10     | Noticed a skeletal warrior
  9792 | D:10     | Noticed a skeletal warrior
  9805 | D:10     | Noticed Fannar
  9814 | D:9      | Reached ***** piety under Trog
 10046 | D:10     | Found Amuar's Gadget Boutique.
 10144 | D:10     | Killed a skeletal warrior
 10171 | D:10     | Killed a skeletal warrior
 10306 | D:10     | Killed a skeletal warrior
 10323 | D:10     | Killed Fannar
 11094 | D:11     | Reached skill level 12 in Maces & Flails
 11173 | D:11     | Found a staircase to the Orcish Mines.
 11315 | D:11     | Found Wyots's Assorted Antiques.
 11465 | D:11     | Noticed a two-headed ogre
 11469 | D:11     | Killed a two-headed ogre
 11470 | D:11     | Reached XP level 12. HP: 77/77 MP: 12/12
 11615 | D:11     | Noticed a sun demon
 11617 | D:11     | Received a gift from Trog
 11633 | D:11     | Reached skill level 10 in Fighting
 11846 | D:12     | Noticed a two-headed ogre
 11856 | D:12     | Killed a two-headed ogre
 12074 | D:12     | Noticed a seven-headed hydra
 12092 | D:12     | Killed a seven-headed hydra
 12093 | D:12     | Reached skill level 10 in Armour
 13217 | Lair:1   | Entered Level 1 of the Lair of Beasts
 13265 | Lair:1   | Found a gate leading to a gauntlet.
 13339 | Gauntlet | Entered a Gauntlet
 13339 | Gauntlet | Found a transporter.
 13422 | Gauntlet | Found a runed translucent door.
 13425 | Gauntlet | Found a transporter.
 13426 | Gauntlet | Found a transporter.
 13427 | Gauntlet | Found a transporter.
 13435 | Gauntlet | Found a transporter.
 13438 | Gauntlet | Found a transporter.
 13440 | Gauntlet | Found a transporter.
 13448 | Gauntlet | Found a transporter.
 13450 | Gauntlet | Found a transporter.
 13451 | Gauntlet | Found a transporter.
 13457 | Gauntlet | Noticed a death ooze
 13459 | Gauntlet | Found a transporter.
 13462 | Gauntlet | Found a transporter.
 13463 | Gauntlet | Found a transporter.
 13471 | Gauntlet | Found a transporter.
 13698 | Gauntlet | Reached skill level 13 in Maces & Flails
 13866 | Gauntlet | Killed a death ooze
 13877 | Gauntlet | Got a steaming cloak
 13911 | Gauntlet | Identified the cursed +0 cloak of Existentialism {Str-4
                  | Dex+9 SInv} (You found it in a Gauntlet)
 13946 | Gauntlet | Noticed a tengu warrior
 13947 | Gauntlet | Noticed a tengu warrior
 13957 | Gauntlet | Reached XP level 13. HP: 59/84 MP: 9/13
 14292 | Gauntlet | Noticed a minotaur
 14306 | Gauntlet | Killed a minotaur
 15299 | Lair:2   | Noticed Gastronok
 15313 | Lair:2   | Killed Gastronok
 15314 | Lair:2   | Reached skill level 14 in Maces & Flails
 15523 | Lair:2   | Found a staircase to the Snake Pit.
 16047 | Lair:2   | Identified 2 scrolls of acquirement
 16047 | Lair:2   | Acquired 1259 gold pieces
 16049 | Lair:2   | Acquired the ring of Fuires {rF+ Int+4}
 16304 | Lair:2   | Found a staircase to the Swamp.
 16318 | Lair:2   | Noticed Nergalle
 16328 | Lair:2   | Killed Nergalle
 16872 | Lair:3   | Found a runed translucent gate.
 16873 | Lair:3   | Found a runed translucent gate.
 16876 | Lair:3   | Found a runed translucent gate.
 17024 | Lair:3   | Received a gift from Trog
 17870 | Lair:3   | Noticed Fuxod's ghost (journeyman GnWn)
 17922 | Lair:3   | Killed Fuxod's ghost
 17923 | Lair:3   | Gained mutation: Your large and strong wings let you fly
                  | indefinitely. [Gargoyle growth]
 17923 | Lair:3   | Reached XP level 14. HP: 42/92 MP: 5/14
 18316 | Lair:4   | Reached skill level 15 in Maces & Flails
 19210 | Lair:4   | Noticed an entropy weaver
 19211 | Lair:4   | Noticed an entropy weaver
 19229 | Lair:4   | Killed an entropy weaver
 19658 | Lair:4   | Received a gift from Trog
 19666 | Lair:4   | Killed an entropy weaver
 19670 | Lair:4   | Got an encrusted great mace {god gift}
 19817 | Lair:3   | Identified the +8 great mace "Rolixeu" {vorpal, rC- Str+7
                  | Dex+2} (Trog gifted it to you on level 4 of the Lair of
                  | Beasts)
 20064 | Lair:4   | Reached skill level 10 in Dodging
 21183 | Lair:6   | Entered Level 6 of the Lair of Beasts
 21203 | Lair:6   | Reached skill level 16 in Maces & Flails
 21206 | Lair:6   | Reached XP level 15. HP: 67/97 MP: 11/15
 21333 | Lair:6   | Found a runed translucent door.
 21333 | Lair:6   | Noticed theswoord's ghost (journeyman TrMo)
 21358 | Lair:6   | Killed theswoord's ghost
 21361 | Lair:6   | Got a scorched bone ring
 21398 | Lair:6   | Identified the ring "Awnyvium" {rElec Dex+5 Slay+4} (You
                  | found it on level 6 of the Lair of Beasts)
 21823 | Lair:6   | Reached ****** piety under Trog
 21961 | Lair:6   | Got a slimy trident
 22577 | Lair:6   | Found a runed translucent door.
 22577 | Lair:6   | Found a viscous altar of Jiyva.
 22578 | Lair:6   | Found a staircase to the Slime Pits.
 22578 | Lair:6   | Noticed an acid blob
 22578 | Lair:6   | Noticed an acid blob
 22870 | Lair:6   | Identified the +4 trident of Big Damage {venom, rF+ Will+
                  | Str+3} (You found it on level 6 of the Lair of Beasts)
 23100 | D:8      | Identified the Collected Works on Destructive Stones
 23103 | D:8      | Got a jewelled falchion
 23181 | D:11     | Got an encrusted great sword {god gift}
 23182 | D:11     | Identified the +10 great sword of the Lesser Evil {vorpal,
                  | rF+ Dex+4} (Trog gifted it to you on level 11 of the
                  | Dungeon)
 23276 | Lair:1   | Identified the +3 falchion of Iconoclasm {elec, rF+} (You
                  | found it on level 8 of the Dungeon)
 23464 | D:13     | Received a gift from Trog
 23981 | D:13     | Found a gate to the Vaults.
 24509 | D:14     | Reached skill level 17 in Maces & Flails
 24585 | D:14     | Found a burning altar of Makhleb.
 24659 | D:14     | Acquired 932 gold pieces
 24889 | D:15     | Entered Level 15 of the Dungeon
 25124 | D:15     | Reached XP level 16. HP: 87/105 MP: 16/16
 25488 | D:15     | Cast into level 2 of the Abyss (a wizard)
 25605 | Abyss:2  | Received a gift from Trog
 25655 | D:15     | Escaped the Abyss
 25888 | D:15     | Found a staircase to the Depths.
 26031 | Orc:1    | Entered Level 1 of the Orcish Mines
 26102 | Orc:1    | Received a gift from Trog
 26640 | Orc:2    | Entered Level 2 of the Orcish Mines
 26640 | Orc:2    | Found a staircase to the Elven Halls.
 26924 | Orc:2    | Received a gift from Trog
 26930 | Orc:2    | Found Bupsob's Gadget Shop.
 26969 | Orc:2    | Got a scorched morningstar {god gift}
 27217 | Orc:2    | Found Fagaheah's Book Boutique.
 27218 | Orc:2    | Found Akuelos's Armour Emporium.
 27233 | Orc:2    | Found Juacrenu's Antique Weapon Boutique.
 27428 | Orc:2    | Found a roughly hewn altar of Beogh.
 27927 | D:10     | Bought a wand of digging (6) for 240 gold pieces
 28013 | D:11     | Identified the +7 morningstar of Trog's Generosity
                  | {antimagic, rPois Str+4 Int+2 Dex-4} (Trog gifted it to you
                  | on level 2 of the Orcish Mines)
 28014 | D:11     | Bought a glowing scale mail for 238 gold pieces
 28024 | D:11     | Bought a glowing plate armour for 884 gold pieces
 28664 | Swamp:1  | Entered Level 1 of the Swamp
 29155 | Swamp:1  | Found a radiant altar of Vehumet.
 29184 | Swamp:1  | Reached skill level 18 in Maces & Flails
 29411 | Swamp:1  | Noticed a thorn hunter
 29422 | Swamp:1  | Killed a thorn hunter
 29636 | Swamp:2  | Noticed Nikola
 29636 | Swamp:2  | Noticed a fenstrider witch
 29644 | Swamp:2  | Killed a fenstrider witch
 29866 | Swamp:2  | Reached XP level 17. HP: 97/112 MP: 17/17
 29881 | Swamp:2  | Killed Nikola
 30217 | Swamp:2  | Received a gift from Trog
 30345 | Swamp:2  | Reached skill level 15 in Fighting
 31328 | Swamp:4  | Entered Level 4 of the Swamp
 31349 | Swamp:4  | Reached skill level 15 in Armour
 31474 | Swamp:4  | Reached skill level 19 in Maces & Flails
 32215 | Swamp:4  | Got a decaying rune of Zot
 32513 | Snake:1  | Entered Level 1 of the Snake Pit
 32515 | Snake:1  | Received a gift from Trog
 32592 | Snake:1  | Reached XP level 18. HP: 95/119 MP: 18/18
 32826 | Snake:1  | Noticed Aizul
 32833 | Snake:1  | Killed Aizul
 33618 | Snake:1  | Noticed Rupert
 33628 | Snake:1  | Paralysed by Rupert for 4 turns
 33634 | Snake:1  | Killed Rupert
 34432 | Snake:2  | Received a gift from Trog
 34640 | Snake:2  | Found Geng's Jewellery Shoppe.
 34644 | Snake:2  | Found Kudoa's Book Emporium.
 34645 | Snake:2  | Found Kuzarph's Jewellery Shoppe.
 34652 | Snake:2  | Bought an uncursed ring of protection from cold for 450
                  | gold pieces
 34684 | Snake:2  | Found Kuir's Antique Armour Shoppe.
 34725 | Snake:2  | Bought a transparent ring mail for 342 gold pieces
 34725 | Snake:2  | Bought a jewelled leather armour for 266 gold pieces
 34725 | Snake:2  | Identified the +3 ring mail of Freedom {Will+ Str+3 Int+4}
                  | (You bought it in a shop on level 2 of the Snake Pit)
 34726 | Snake:2  | Identified the +2 leather armour "Mous" {*Corrode rPois rF+
                  | Str+6} (You bought it in a shop on level 2 of the Snake
                  | Pit)
 35249 | Snake:3  | Noticed Kirke
 35277 | Snake:3  | Killed Kirke
 35284 | Snake:3  | HP: 3/180 [naga sharpshooter/arrow (8)]
 35313 | Snake:3  | HP: 2/120 [salamander/+0 spear (7)]
 35313 | Snake:3  | Shot with an arrow by a naga sharpshooter

Illustrated notes

Levels and vault maps discovered:
D:1:      wander_arrival_desolate, layout_basic, minmay_small_reverse_x
D:2:      layout_basic
D:3:      layout_basic, kennysheep_generic_room_14
D:4:      layout_basic, minmay_temple_entry_mini_moons,
          chequers_serial_rivers_micro_d, uniq_menkaure
D:5:      layout_basic, serial_shops, shop, shop, nemelex_lonely_heart_becter
D:6:      layout_loops_ring, kennysheep_generic_room_2, uniq_pikel
D:7:      layout_rooms, overflow_temple_1_default, serial_shops,
          nicolae_shop_waterfront
D:8:      minmay_the_grid_square_5x5_3x3 [minmay_the_grid_square_5x5_forky,
          minmay_the_grid_square_5x5_eight,
          minmay_the_grid_square_5x5_three_small,
          minmay_the_grid_square_5x5_shrine1,
          minmay_the_grid_square_5x5_megaprize_checkered,
          minmay_the_grid_square_5x5_six_small,
          minmay_the_grid_square_5x5_sharp_hourglass,
          minmay_the_grid_square_5x5_beaten_path,
          minmay_the_grid_square_5x5_inner_v], layout_basic, dpeg_oklobed_lair,
          enter_bailey_8, minmay_lindwurm_lava
D:9:      layout_basic, serial_shops, nicolae_shop_crystal,
          nicolae_blasting_shop
D:10:     layout_cross, serial_shops, shop, uniq_fannar
D:11:     layout_basic, orc_0_dummy, serial_shops, nicolae_shop_statue_plus
D:12:     layout_basic
D:13:     layout_irregular_city, skrybe_vaults_entry_preservation,
          kennysheep_generic_room_4
D:14:     layout_rooms, chequers_serial_rivers_large_a, basic_altar, drop_trap
D:15:     grunt_enter_depths_magical_seal, layout_cave_pools, drop_trap
Temple:   grunt_wide_crystal_templ
Lair:1:   layout_regular_city, gauntlet_entry_generic
Lair:2:   layout_regular_city, minmay_swamp_entry_worms,
          guppyfry_snake_entry_garden, grunt_megastairs_5, lemuel_fruit_fields,
          uniq_nergalle, uniq_gastronok
Lair:3:   beast_lair_carwin_large_2, layout_misc_corridors,
          gammafunk_ghost_necromancy, cheibrodos_lair_caveside_slide
Lair:4:   layout_long_grid, nicolae_quartered_pool_super, minmay_another_anthill
Lair:5:   layout_small_grid, beast_lair_carwin_11
Lair:6:   grunt_lair_end_beastmaster, layout_loops_ring, slime_altar_2,
          gammafunk_ghost_grave, lemuel_fruit_fields
Swamp:1:  layout_basic_swamp, nicolae_swamp_feature_on_the_river_bank,
          swamp_pool5, lemuel_altar_in_water
Swamp:2:  layout_basic_swamp, evilmike_swamp_ruin_house_3, swamp_pool2,
          uniq_nikola
Swamp:3:  layout_basic_swamp, evilmike_swamp_ruin_house_4, swamp_pool1
Swamp:4:  swamp_alternative, layout_basic_swamp, infiniplex_staircase_pool
Snake:1:  layout_layer_cave, uniq_aizul, uniq_rupert
Snake:2:  layout_cave_town, serial_shops, shop_fountains, eino_curves_04,
          hangedman_snake_pattern, minmay_shop_star
Snake:3:  layout_grid_shapes, serial_shops, nicolae_shop_waterfront, uniq_kirke
Orc:1:    layout_caves, mines_bat_river
Orc:2:    st_orc_open, layout_caves, basic_altar

Skill      XL: |  1  2  3  4  5  6  7  8  9 10 11 12 13 14 15 16 17 18 |
---------------+-------------------------------------------------------+-----
Dodging        | 2 3 4 5 6 7 8 9 10 11 12 13 | 13.0
Fighting       | 4 5 6 7 8 9 10 12 13 14 15 16 | 16.2
Maces & Flails | 5 6 7 9 10 12 13 14 16 17 18 19 | 19.9
Armour         | 4 5 7 8 9 10 11 12 13 14 15 16 | 16.1

Action                   |  1- 3 |  4- 6 |  7- 9 | 10-12 | 13-15 | 16-18 || total
-------------------------+-------+-------+-------+-------+-------+-------++-------
Melee: Mace              |   122 |    33 |   136 |       |       |       ||   291
       Morningstar       |       |       |   207 |   125 |       |       ||   332
       Dire flail        |       |       |       |   701 |   690 |       ||  1391
       Great mace        |       |       |       |       |   366 |   899 ||  1265
       Unarmed           |       |       |       |       |       |     5 ||     5
Throw: Throwing net      |       |       |       |       |     1 |       ||     1
Invok: Berserk           |     1 |     1 |     3 |    10 |     7 |     7 ||    29
       Trog's Hand       |       |       |     1 |     4 |       |     5 ||    10
 Abil: Fly               |       |       |       |       |     1 |       ||     1
Evoke: Wand              |       |       |       |     3 |       |     1 ||     4
  Use: Scroll            |       |       |    20 |     8 |    21 |    10 ||    59
       Potion            |       |       |       |     1 |     1 |     1 ||     3
 Stab: Held in net/web   |       |       |       |       |     1 |       ||     1
       Distracted        |       |       |       |       |     1 |       ||     1
       Petrifying        |       |       |       |       |     1 |       ||     1
       Sleeping          |       |       |       |       |     1 |       ||     1
       Confused          |       |       |       |       |       |     2 ||     2
Armor: Animal skin       |    13 |       |       |       |       |       ||    13
       Scale mail        |    56 |    17 |    39 |       |       |       ||   112
       Ring mail         |       |       |   176 |   464 |   509 |   121 ||  1270
       Plate armour      |       |       |       |       |       |   488 ||   488
Dodge: Dodged            |   110 |    13 |   238 |   719 |   930 |   902 ||  2912
Block: Other             |       |       |     8 |       |    19 |   232 ||   259
       Reflection        |       |       |       |       |     2 |    13 ||    15
       Rpst.: Dire flail |       |       |       |   113 |   129 |       ||   242
       Great mace        |       |       |       |       |    72 |   163 ||   235
